 Dungeon Crawl Stone Soup version 0.19.5 (webtiles) character file.

15486 Azzok the Carver (level 12, -14/110 HPs)
             Began as a Minotaur Fighter on May 14, 2017.
             Was a High Priest of Okawaru.
             Demolished by a komodo dragon (18 damage)
             ... on level 1 of the Lair of Beasts.
             The game lasted 00:32:05 (13750 turns).

Azzok the Carver (Minotaur Fighter)                Turns: 13750, Time: 00:32:05

Health: -14/110    AC: 21    Str: 24    XL:     12   Next: 1%
Magic:  16/17      EV:  6    Int:  5    God:    Okawaru [*****.]
Gold:   626        SH: 19    Dex: 12    Spells: 0 memorised, 11 levels left

rFire  + . .     SeeInvis .     N - +2 dagger (elec)
rCold  + . .     Gourm    .     b - +0 plate armour
rNeg   + . .     Faith    .     y - +2 large shield {rC+}
rPois  +         Spirit   .     k - +1 hat
rElec  .         Reflect  .     M - +1 cloak {rPois}
rCorr  .         Harm     .     (no gloves)
MR     .....                    r - +0 pair of boots
Stlth  ..........               (no amulet)
                                W - ring of positive energy
                                h - ring of protection from fire

@: lethally poisoned (-14 -> -15), heroism
A: retaliatory headbutt, horns 2
a: Heroism, Finesse, Renounce Religion


You were on level 1 of the Lair of Beasts.
You worshipped Okawaru.
Okawaru was extremely pleased with you.
You were not hungry.

You visited 3 branches of the dungeon, and saw 13 of its levels.

You collected 681 gold pieces.
You spent 55 gold pieces at shops.

Inventory:

Hand Weapons
 N - a +2 dagger of electrocution (weapon)
 Y - a +0 shortbow of velocity
Missiles
 g - 327 arrows
Armour
 b - a +0 plate armour (worn)
 k - a +1 hat (worn)
 r - a +0 pair of boots (worn)
 y - a +2 large shield of cold resistance (worn)
 M - a +1 cloak of poison resistance (worn)
Jewellery
 e - an uncursed ring of see invisible
 h - a ring of protection from fire (left hand)
 W - a ring of positive energy (right hand)
Wands
 u - a wand of lightning (0/15)
 T - a wand of iceblast (7/15)
 X - a wand of acid (0/15)
Scrolls
 n - 4 scrolls of teleportation
 t - 2 scrolls of fear
 x - 2 scrolls of immolation
 A - 4 scrolls of blinking
 G - 5 scrolls of remove curse
 H - a scroll of magic mapping
 O - 3 scrolls of identify
Potions
 a - a potion of might
 j - 10 potions of curing
 I - a potion of invisibility
Comestibles
 f - 6 bread rations
 i - 4 slices of pizza
 s - a royal jelly
 w - 2 beef jerkies
 D - 4 meat rations
 U - 11 chunks of flesh


   Skills:
 - Level 11.0(16.0) Fighting
   Level 13.1(18.1) Long Blades
 * Level 9.3(14.3) Bows
 - Level 9.0(14.0) Armour
 - Level 3.6(8.6) Shields
 - Level 8.1 Invocations


You had 11 spell levels left.
You didn't know any spells.

Dungeon Overview and Level Annotations

Branches:
Dungeon (11/15)            Temple (1/1) D:5            Lair (1/6) D:11
    Orc (0/2) D:10

Altars:
Ashenzari
Cheibriados
Dithmenos
Elyvilon
Fedhas
Gozag
Hepliaklqana
Kikubaaqudgha
Makhleb
Nemelex Xobeh
Okawaru
Qazlal
Ru
Sif Muna
Trog
Uskayaw
Vehumet
Xom
Yredelemnul
Zin
The Shining One
Beogh

Shops:
D:7 [   D:9 =


Innate Abilities, Weirdness & Mutations

You reflexively headbutt those who attack you in melee.
You have a pair of horns on your head.


Message History

Increase (S)trength, (I)ntelligence, or (D)exterity?
You feel stronger.
You feel agile.
You feel sick. You block the komodo dragon's attack.
You hit the komodo dragon but do no damage.
There is a sudden explosion of sparks!
You headbutt the komodo dragon!
The komodo dragon is heavily wounded.
You hit the komodo dragon. You headbutt the komodo dragon.
The komodo dragon is heavily wounded.
You feel sick. You block the komodo dragon's attack.
You hit the komodo dragon.
The komodo dragon is severely wounded.
The komodo dragon bites you!
* * * LOW HITPOINT WARNING * * *
You hit the komodo dragon.
The komodo dragon is severely wounded.
You hit the komodo dragon but do no damage.
Your headbutt misses the komodo dragon.
The komodo dragon is severely wounded.
The komodo dragon bites you!!
You die...

···▒·· ▒▒··▒▒▒▒▒▒ ▒·····
▒········· ▒▒▒▒▒·····
▒·········
▒▒▒▒·······▒·▒▒▒·········
▒P▒········▒▒············
▒▒··········▒▒··▒▒··▒·····
▒▒▒···············▒··▒······
·················▒▒·▒▒▒▒▒···
············▒▒·▒@▒ll
···········▒▒▒▒▒l▒▒·
··········▒▒ ▒·)▒▒
▒····P▒▒▒▒▒ ▒▒··· ▒▒▒···▒▒▒
▒▒▒ ▒▒▒▒···· ▒P····▒▒▒·▒▒▒·▒
······ ▒▒▒P··▒······▒▒
·▒···· ▒··········▒ ··▒··
▒···········▒▒ ▒··▒P▒


You could see a komodo dragon.

Vanquished Creatures
  An unseen horror (D:10)
  A hill giant (D:11)
  A cyclops (D:11)
  2 ugly things (D:11)
  2 manticores (D:11)
  A gargoyle (D:10)
  Maurice (D:11)
  A spiny frog (Lair:1)
  7 komodo dragons
  5 yaktaurs (D:11)
  A troll (D:10)
  A hornet (D:9)
  A hippogriff (D:7)
  A vampire (D:11)
  The ghost of Unholydonuts the Skirmisher, an amateur MiBe of Trog (D:3)
  2 wyverns
  2 hungry ghosts
  Duvessa (D:6)
  A water moccasin (D:11)
  An ice beast (D:10)
  3 sky beasts
  9 orc warriors
  A black bear (D:10)
  4 phantoms
  10 centaurs (D:11)
  8 ogres
  6 big kobolds
  Blork the orc (D:6)
  2 wyvern zombies
  8 bullfrogs
  2 gnoll sergeants (D:10)
  Dowan (D:6)
  2 wyvern skeletons
  6 scorpions
  7 killer bees
  2 howler monkeys (D:11)
  3 crimson imps
  A centaur zombie (D:11)
  7 hounds
  A jelly (D:9)
  3 orc priests
  A quasit (D:9)
  Crazy Yiuf (D:6)
  7 orc wizards
  A gnoll shaman (D:4)
  2 bullfrog skeletons
  Natasha (D:1)
  3 iguanas
  12 worker ants
  A hound skeleton (D:4)
  A mummy (D:5)
  A howler monkey zombie (D:5)
  A worker ant zombie (D:7)
  22 gnolls
  10 adders
  4 shadow imps
  An ooze (D:5)
  An adder zombie (D:9)
  An adder skeleton (D:4)
  5 worms
  A dart slug (D:2)
  10 leopard geckos
  53 orcs
  10 bats
  5 giant cockroaches
  13 goblins
  15 hobgoblins
  17 jackals
  19 kobolds
  9 quokkas
  9 frilled lizards
  A jackal skeleton (D:5)
  A kobold zombie (D:5)
  3 orc zombies (D:5)
  A quokka skeleton (D:9)
  5 rats
369 creatures vanquished.

Vanquished Creatures (others)
  9 plants (D:11)
9 creatures vanquished.

Grand Total: 378 creatures vanquished

Notes
Turn   | Place    | Note
-------+----------+-------------------------------------------
     0 | D:1      | Azzok the Minotaur Fighter began the quest for the Orb.
     0 | D:1      | Reached XP level 1. HP: 19/19 MP: 0/0
     1 | D:1      | Noticed an electric eel
    40 | D:1      | Reached skill level 3 in Long Blades
   116 | D:1      | Reached XP level 2. HP: 25/26 MP: 1/1
   634 | D:1      | Reached skill level 4 in Long Blades
   710 | D:1      | Reached XP level 3. HP: 29/31 MP: 2/2
   780 | D:2      | Noticed Natasha
   849 | D:1      | Killed Natasha
   849 | D:1      | Reached skill level 5 in Long Blades
   927 | D:2      | Found a snail-covered altar of Cheibriados.
   936 | D:2      | Found a blossoming altar of Fedhas.
  1007 | D:2      | Reached XP level 4. HP: 39/39 MP: 3/3
  1350 | D:2      | Found a faded altar of an unknown god.
  1712 | D:3      | Reached skill level 6 in Long Blades
  2034 | D:3      | Reached XP level 5. HP: 45/45 MP: 4/4
  2204 | D:3      | Noticed Unholydonuts's ghost (amateur MiBe)
  2221 | D:3      | Killed Unholydonuts's ghost
  2221 | D:3      | Reached skill level 7 in Long Blades
  2221 | D:3      | Reached XP level 6. HP: 27/51 MP: 5/5
  2612 | D:3      | Reached skill level 8 in Long Blades
  2732 | D:4      | Reached skill level 9 in Long Blades
  2889 | D:4      | HP: 2/51 [gnoll/halberd (8)]
  3208 | D:4      | Found an opulent altar of Gozag.
  3334 | D:4      | Reached XP level 7. HP: 57/57 MP: 6/6
  3681 | D:4      | Reached skill level 10 in Long Blades
  3777 | D:5      | Entered Level 5 of the Dungeon
  3907 | D:5      | Found a sparkling altar of Nemelex Xobeh.
  4368 | D:5      | Reached skill level 11 in Long Blades
  4511 | D:5      | Reached XP level 8. HP: 64/64 MP: 7/7
  4647 | D:5      | Found a staircase to the Ecumenical Temple.
  4653 | Temple   | Entered the Ecumenical Temple
  4764 | Temple   | Became a worshipper of Warmaster Okawaru
  5113 | D:6      | Noticed Duvessa
  5114 | D:6      | Noticed Dowan
  5127 | D:6      | Killed Duvessa
  5127 | D:6      | Reached skill level 1 in Invocations
  5133 | D:6      | Killed Dowan
  5343 | D:6      | Reached * piety under Okawaru
  5402 | D:6      | Noticed Blork the orc
  5414 | D:6      | Killed Blork the orc
  5414 | D:6      | Reached skill level 12 in Long Blades
  5569 | D:6      | Found a runed door.
  5702 | D:6      | Found a hide-covered altar of Uskayaw.
  5855 | D:6      | Noticed Crazy Yiuf
  5863 | D:6      | Killed Crazy Yiuf
  6097 | D:7      | Got a twisted rapier
  6098 | D:7      | Identified the +6 rapier "Veass" {pain, rPois rF- MR+++ Dex-3} (You found it on level 7 of the Dungeon)
  6162 | D:7      | Noticed a hippogriff
  6177 | D:7      | Killed a hippogriff
  6177 | D:7      | Reached ** piety under Okawaru
  6177 | D:7      | Reached XP level 9. HP: 55/71 MP: 10/10
  6289 | D:7      | Found Bomad's Armour Shop.
  6899 | D:8      | Reached skill level 13 in Long Blades
  7011 | D:8      | Found a white marble altar of Elyvilon.
  7072 | D:8      | Reached skill level 5 in Fighting
  7287 | D:8      | Found a glowing silver altar of Zin.
  7287 | D:8      | Found an opulent altar of Gozag.
  7569 | D:9      | Found Dosmuz's Jewellery Emporium.
  7582 | D:9      | Reached skill level 5 in Invocations
  7636 | D:9      | Bought a +1 ring of protection for 33 gold pieces
  7636 | D:9      | Bought a cursed -5 ring of evasion for 22 gold pieces
  7723 | D:9      | Reached *** piety under Okawaru
  7723 | D:9      | Reached skill level 5 in Armour
  7839 | D:9      | Found a roughly hewn altar of Beogh.
  8107 | D:9      | Reached XP level 10. HP: 30/86 MP: 13/13
  8685 | D:10     | Entered Level 10 of the Dungeon
  8690 | D:10     | Reached **** piety under Okawaru
  8709 | D:10     | Noticed an unseen horror
  8777 | D:10     | Killed an unseen horror
  9442 | D:10     | Found a staircase to the Orcish Mines.
  9877 | D:10     | Noticed a gargoyle
  9888 | D:10     | Killed a gargoyle
  9984 | D:10     | Reached ***** piety under Okawaru
 10449 | D:11     | Noticed a cyclops
 10481 | D:11     | Killed a cyclops
 10481 | D:11     | Reached XP level 11. HP: 96/97 MP: 16/16
 10826 | D:11     | Reached skill level 1 in Bows
 11225 | D:11     | Reached skill level 10 in Fighting
 11265 | D:11     | Received a gift from Okawaru
 11281 | D:11     | Noticed Maurice
 11291 | D:11     | Killed Maurice
 11809 | D:11     | Reached skill level 5 in Bows
 11973 | D:11     | Found a blossoming altar of Fedhas.
 12379 | D:11     | Noticed a purple ugly thing
 12391 | D:11     | Killed a purple ugly thing
 12391 | D:11     | Received a gift from Okawaru
 12461 | D:11     | Noticed a hill giant
 12483 | D:11     | Killed a hill giant
 12740 | D:11     | Found a staircase to the Lair.
 12754 | D:11     | Received a gift from Okawaru
 12921 | D:11     | Noticed a white ugly thing
 12940 | D:11     | Killed a white ugly thing
 13394 | Lair:1   | Entered Level 1 of the Lair of Beasts
 13721 | Lair:1   | Received a gift from Okawaru
 13744 | Lair:1   | Reached XP level 12. HP: 13/110 MP: 15/17
 13748 | Lair:1   | HP: 4/110 [komodo dragon (8)]
 13750 | Lair:1   | Demolished by a komodo dragon

Skill      XL: |  1  2  3  4  5  6  7  8  9 10 11 |
---------------+----------------------------------+-----
Long Blades    | 3 4 5 6 7 9 11 12 13 | 13.1
Invocations    | 3 6 8 |  8.1
Fighting       | 4 7 9 11 | 11.0
Armour         | 6 9 |  9.0
Bows           | 9 |  9.3
Shields        | |  3.6

Action                   |  1- 3 |  4- 6 |  7- 9 | 10-12 || total
-------------------------+-------+-------+-------+-------++-------
Melee: Long sword        |    81 |   187 |   226 |       ||   494
       Headbutt          |    11 |    38 |   101 |   139 ||   289
       Dagger            |       |       |   393 |   673 ||  1066
       Scimitar          |       |       |       |     3 ||     3
 Fire: Shortbow          |       |       |       |     6 ||     6
Invok: Heroism           |       |       |       |     4 ||     4
Evoke: Wand              |       |       |       |     4 ||     4
  Use: Potion            |       |     2 |       |       ||     2
       Scroll            |       |       |    14 |       ||    14
  Eat: Chunk             |       |     8 |    16 |    17 ||    41
       Beef jerky        |       |       |     1 |       ||     1
       Fruit             |       |       |       |     3 ||     3
Armor: Scale mail        |    11 |       |       |       ||    11
       Plate armour      |    43 |    83 |   170 |   220 ||   516
       Chain mail        |     6 |       |       |       ||     6
Dodge: Dodged            |    23 |    24 |    29 |    32 ||   108
Block: Shield            |    58 |    76 |    22 |       ||   156
       Large shield      |       |       |   340 |   453 ||   793
       Rpst.: Long sword |     8 |     6 |     3 |       ||    17
